 Dungeon Crawl Stone Soup version 0.30-a0-972-gf3ab3527aa (webtiles) character file.

Game seed: 11572179316088218722

65 tilp the Sneak (level 3, -4/26 HPs)
             Began as a Vampire Enchanter on Mar 31, 2023.
             Slain by an orc
             ... wielding a +0 trident
              (5 damage)
             ... on level 3 of the Dungeon.
             The game lasted 00:03:29 (1831 turns).

tilp the Sneak (Vampire Enchanter)                  Turns: 1831, Time: 00:03:30

Health: -4/26      AC:  4    Str:  7    XL:     3   Next: 94%
Magic:  2/6        EV: 13    Int: 19    God:
Gold:   130        SH:  0    Dex: 20    Spells: 4/6 levels left

rFire   . . .      SeeInvis +    a - +1 dagger
rCold   . . .      Faith    .    (no shield)
rNeg    . . .      Spirit   .    b - +0 robe
rPois   .          Reflect  .    (no helmet)
rElec   .          Rampage  .    (no cloak)
rCorr   +                        j - +1 pair of gloves
Will    .....                    (no boots)
Stlth   +++                      (no amulet)
HPRegen 0.44/turn                k - ring of resist corrosion
MPRegen 0.10/turn                o - +6 ring of dexterity

@: healing quickly
A: alive, fangs 3, see invisible, vampiric 2
a: Exsanguinate


You were on level 3 of the Dungeon.
You visited 1 branch of the dungeon, and saw 3 of its levels.

You collected 130 gold pieces.

Inventory:

Hand Weapons
 a - a +1 dagger (weapon)
Missiles
 e - 2 boomerangs (quivered)
 f - 4 datura-tipped darts
 h - a throwing net
Armour
 b - a +0 robe (worn)
 j - a +1 pair of gloves (worn)
Jewellery
 k - a ring of resist corrosion (left hand)
 o - a +6 ring of dexterity (right hand)
Wands
 l - a wand of mindburst (13)
Scrolls
 r - a scroll of amnesia {unknown}
Potions
 c - 3 potions of invisibility
 d - a potion of brilliance {unknown}
 g - a potion of heal wounds {unknown}
 i - a potion of cancellation {unknown}
 m - a potion of resistance {unknown}
 n - a potion of lignification {unknown}
 p - 2 potions of might {unknown}
 q - a potion of magic {unknown}


   Skills:
 * Level 1.6 Fighting
 * Level 2.3 Short Blades
 + Level 2.5 Dodging
 + Level 4.8 Stealth
 + Level 2.2 Spellcasting
 + Level 4.7 Hexes
 + Level 0.0 Evocations


You had 4 spell levels left.
You knew the following spells:

 Your Spells              Type           Power      Damage    Failure   Level
a - Ensorcelled Hibernat  Hex/Ice        22%        N/A       10%         2

Your spell library contained the following spells:

 Spells                   Type           Power      Damage    Failure   Level
 Confusing Touch          Hex            20%        N/A       7%          3
 Tukima's Dance           Hex            20%        N/A       7%          3
 Beastly Appendage        Tmut           4%         N/A       17%         1
 Dazzling Flash           Conj/Hex       22%        N/A       19%         3
 Wereblood                Tmut           2%         N/A       26%         2
 Spider Form              Tmut/Pois      2%         N/A       45%         3


Dungeon Overview and Level Annotations

Branches:
Dungeon (3/15)

Altars:

Shops:
D:3 [(:


Innate Abilities, Weirdness & Mutations

Your natural rate of healing is accelerated.
You have razor-sharp teeth.
You have supernaturally acute eyesight. (SInv)
You are afflicted with vampirism and can become a bat while bloodless.


Message History

Aim: an orc, wielding a +0 trident and wearing a +0 leather armour (chance to affect: 62%)
The orc resists with significant effort.
The orc shouts!
The orc closely misses you. The orc misses you.
Casting: Ensorcelled Hibernation (safe; 10% risk of failure)
Confirm with . or Enter, or press ? or * to list all spells.
You don't have enough magic to cast this spell.
Unknown command.
Unknown command.
The orc completely misses you.
You see here the +1 battleaxe "Dousan" {flame, rF- rC+ rN+ Will++}.
Things that are here:
a +0 mace; a +0 scale mail; a +0 club The orc hits you with a +0 trident!
Things that are here:
a +0 mace; a +0 scale mail; a +0 club You closely miss the orc.
You hit the orc.
The orc is heavily wounded.
The orc closely misses you. The orc barely misses you.
You hit the orc but do no damage.
The orc is heavily wounded.
The orc closely misses you. The orc hits you with a +0 trident!
You completely miss the orc.
The orc is heavily wounded.
The orc hits you from afar with a +0 trident.
The orc misses you.
You hit the orc but do no damage.
The orc is heavily wounded.
The orc hits you from afar with a +0 trident.
* * * LOW HITPOINT WARNING * * *
The orc hits you with a +0 trident.
* * * LOW HITPOINT WARNING * * *
You hit the orc. You bite the orc.
The orc is severely wounded.
The orc hits you from afar with a +0 trident!
* * * LOW HITPOINT WARNING * * *
The orc hits you with a +0 trident.
You die...

#. #. #.# #.## ..
... ...# ... # #..
..## #.. .#.## #.#
... ... .....##.#
#.###.# ##
#....#.#####.#...
#. #...oo@...#.##
#. ##..######...#
#. #<>## #...# #.
#...#
#...##########
......
#........#...#
.##.#
######...####..###>
#. #.............##
## #
.......∩......# #
..............## ##


You could see 2 orcs.

Vanquished Creatures
  2 worms (D:2)
  3 dart slugs
  2 orcs (D:3)
  4 bats
  5 endoplasms
  2 giant cockroaches
  6 hobgoblins
  2 jackals (D:3)
  A kobold (D:1)
  A quokka (D:2)
  2 ball pythons (D:1)
  4 frilled lizards
  7 goblins
  6 rats
47 creatures vanquished.

Notes
Turn   | Place    | Note
-------+----------+-------------------------------------------
     0 | D:1      | tilp the Vampire Enchanter began the quest for the Orb.
     0 | D:1      | Reached XP level 1. HP: 13/13 MP: 3/3
    66 | D:1      | Reached XP level 2. HP: 20/20 MP: 5/5
    75 | D:1      | Learned a level 2 spell: Ensorcelled Hibernation
   315 | D:1      | Reached skill level 1 in Fighting
   427 | D:1      | Gained mutation: You are afflicted with vampirism and can
                  | become a bat while bloodless. [Vampire growth]
   427 | D:1      | Reached XP level 3. HP: 16/26 MP: 2/6
  1696 | D:3      | Found Irujiran's Book Emporium.
  1765 | D:3      | Found Soxentagal's Antique Weapon Shop.
  1795 | D:3      | Found Taraqaij's Antique Armour Shoppe.
  1818 | D:3      | Identified the +1 battleaxe "Dousan" {flame, rF- rC+ rN+
                  | Will++}
  1831 | D:3      | HP: 1/26 [orc/+0 trident (7)]
  1831 | D:3      | Slain by an orc

Illustrated notes

Levels and vault maps discovered:
D:1:      dpeg_arrival_tiny_k, layout_basic, serial_bayou,
          serial_bayou_lagoon_a, serial_bayou_pond_e, serial_bayou_pond_b,
          serial_bayou_shore_a
D:2:      layout_loops_ring
D:3:      layout_loops_cross, lemuel_coloured_pillars_altar, serial_shops, shop,
          shop, nicolae_shop_waterfront, shop_fountains, shop

Skill      XL: |  1  2  3 |
---------------+----------+-----
Fighting       | 1 |  1.6
Short Blades   | 2 |  2.3
Dodging        | |  2.5
Stealth        | |  4.8
Spellcasting   | |  2.2
Hexes          | |  4.7

Action                     || total
---------------------------++-------
  Melee: Dagger            ||   114
         Bite              ||    10
         Punch             ||     1
   Cast: Ensorcelled Hiber ||    24
    Use: Scroll            ||     4
   Stab: Sleeping          ||    25
 Armour: Robe              ||    10
  Dodge: Dodged            ||    55

Table legend: (Time is in decaauts)
 A = Elapsed time spent in this place.
 B = Non-inter-level travel time spent in this place.
 C = Inter-level travel time spent in this place.
 D = Time resting spent in this place.
 E = Time spent auto-exploring this place.
 F = Levels seen in this place.
 G = Mean time per level.
                   A        B        C        D        E       F      G
               +--------+--------+--------+--------+--------+-----+--------+
         Total |   1841 |   1792 |     49 |      0 |   1420 |   3 |  613.7 |
       Dungeon |   1841 |   1792 |     49 |      0 |   1420 |   3 |  613.7 |
               +--------+--------+--------+--------+--------+-----+--------+

Top non-repeatable levels by time:
     D:1: 878 daAuts
     D:2: 692 daAuts
     D:3: 270 daAuts
